 Dungeon Crawl Stone Soup version 0.28.0-47-ge53b351184 (webtiles) character file.

Game seed: 8350544270781246304

15367 Dillybarz the Fighter (level 12, -11/115 HPs)
             Began as a Minotaur Berserker on Apr 22, 2022.
             Was a High Priest of Trog.
             Mangled by a spriggan defender skeleton (12 damage)
             ... on level 2 of the Abyss on Apr 27, 2022.
             The game lasted 00:39:39 (11647 turns).

Dillybarz the Fighter (Minotaur Berserker)         Turns: 11647, Time: 00:39:40

Health: -11/115    AC: 21    Str: 30    XL:     12   Next: 0%
Magic:  11/11      EV:  7    Int:  4    God:    Trog [*****.]
Gold:   756        SH: 14    Dex: 11    Spells: 11/11 levels left

rFire   . . .      SeeInvis .   w - +6 Maxwell's thermic engine {flame, freeze}
rCold   . . .      Faith    .   y - +0 kite shield
rNeg    . . .      Spirit   .   r - +0 plate armour
rPois   .          Reflect  +   G - +0 hat
rElec   .          Harm     .   d - +1 cloak
rCorr   .          Rampage  .   e - +1 pair of gloves
Will    .....                   (no boots)
Stlth   ..........              v - amulet of Vanus {Reflect Str+4 Slay+4 SH+5}
HPRegen 0.29/turn               (no ring)
MPRegen 0.12/turn               (no ring)

@: studying Short Blades, unable to read
A: horns 2, retaliatory headbutt, inability to read while threatened
a: Renounce Religion, Berserk, Trog's Hand, Brothers in Arms


You were on level 2 of the Abyss.
You worshipped Trog.
Trog was extremely pleased with you.
You visited 1 branch of the dungeon, and saw 11 of its levels.
You visited the Abyss 1 time.

You collected 756 gold pieces.

Inventory:

Hand Weapons
 j - a +2 spectral morningstar
 w - the +6 Maxwell's thermic engine (weapon) {flame, freeze}
   (You found it on level 7 of the Dungeon)

   It burns those it strikes, dealing additional fire damage.
   Big, fiery blades are also staple armaments of hydra-hunters.
   It freezes those it strikes, dealing additional cold damage.
   It can also slow down cold-blooded creatures.
   It becomes more effective when it hits something.
   This effect fades over time.
Missiles
 t - 2 throwing nets (quivered)
Armour
 d - a +1 cloak (worn)
 e - a +1 pair of gloves (worn)
 f - a +2 ring mail of cold resistance
 r - a +0 plate armour (worn)
 x - the +0 buckler "Putoj" {rElec Stlth+}
   (You found it on level 7 of the Dungeon)

   rElec:     It insulates you from electricity.
   Stlth:     It makes you more stealthy.
 y - a +0 kite shield (worn)
 G - a +0 hat (worn)
Jewellery
 v - the amulet of Vanus (around neck) {Reflect Str+4 Slay+4 SH+5}
   (You found it on level 7 of the Dungeon)

   [amulet of reflection]

   It reflects blocked missile attacks.
   Str:       It affects your strength (+4).
   Slay:      It affects your accuracy & damage with ranged weapons and melee
   (+4).
   SH:        It affects your SH (+5).
 B - an amulet of faith
Wands
 a - a wand of flame (25)
 b - a wand of acid (25)
 o - a wand of paralysis (14)
 q - a wand of digging (9)
 s - a wand of mindburst (5)
 u - a wand of charming (3)
 D - a wand of polymorph (4)
 F - a wand of iceblast (10)
Scrolls
 m - 5 scrolls of teleportation
 n - 5 scrolls of fear
 p - a scroll of magic mapping {unknown}
 A - a scroll of holy word
 C - a scroll of blinking
 E - a scroll of identify
Potions
 c - 2 potions of mutation
 g - a potion of resistance {unknown}
 h - 4 potions of attraction
 i - 3 potions of heal wounds
 k - a potion of cancellation {unknown}
 l - a potion of haste {unknown}
 z - 2 potions of might


   Skills:
 + Level 13.4 Fighting
 + Level 6.8 Long Blades
 - Level 11.5 Maces & Flails
 + Level 13.0 Armour
 - Level 2.4 Dodging
 + Level 6.8 Shields


You had 11 spell levels left.
You didn't know any spells.
Your spell library was empty.

Dungeon Overview and Level Annotations

Branches:
Dungeon (11/15)            Temple (0/1) D:6            Lair (0/6) D:11
    Orc: D:9-12

Altars:
Ashenzari
Cheibriados
Qazlal
Sif Muna
Wu Jian
Xom

Portals:
Abyss: D:11

Annotations:
D:6 2 transporters
D:11 2 transporters, Jingleheimer's ghost, journeyman DjCj; Sonja


Innate Abilities, Weirdness & Mutations

You have a pair of horns on your head.
You reflexively headbutt those who attack you in melee.
You sometimes lose the ability to read scrolls when taking damage.


Message History

You slice the efreet!!
You kill the efreet!
That felt strangely unrewarding.
An iron imp comes into view.
The caustic shrike zombie claws you but does no damage. x2
You slash the caustic shrike zombie! You burn the caustic shrike zombie.
Your headbutt misses the caustic shrike zombie.
The caustic shrike zombie is lightly damaged.
The caustic shrike zombie claws you but does no damage. x2
You block the spriggan defender skeleton's attack.
The caustic shrike zombie claws you but does no damage.
You hit the spriggan defender skeleton.
You burn the spriggan defender skeleton.
You headbutt the spriggan defender skeleton.
The spriggan defender skeleton is lightly damaged.
You can read scrolls again.
You block the caustic shrike zombie's attack.
The spriggan defender skeleton hits you but does no damage.
The caustic shrike zombie claws you!
You feel threatened and lose the ability to read scrolls!
* * * LOW HITPOINT WARNING * * *
The spriggan defender skeleton hits you but does no damage.
You hit the caustic shrike zombie but do no damage.
You headbutt the caustic shrike zombie!
The caustic shrike zombie is lightly damaged.
You block the caustic shrike zombie's attack.
You block the spriggan defender skeleton's attack.
The caustic shrike zombie claws you.
* * * LOW HITPOINT WARNING * * *
The spriggan defender skeleton hits you!
* * * LOW HITPOINT WARNING * * *
You slice the spriggan defender skeleton!!
You burn the spriggan defender skeleton.
You freeze the spriggan defender skeleton.
The spriggan defender skeleton is moderately damaged.
The caustic shrike zombie claws you!!
* * * LOW HITPOINT WARNING * * *
You block the caustic shrike zombie's attack.
The spriggan defender skeleton hits you!
You die...

# #.. ∩ .# .. .
......#.. # #
....#.. . .#
#.#.#...##. .#
.......## ..#
.......).###.###.#
.#....#........
#.#...Z@....... #
. #....Z#....##
....###..#..###
.### ...5##..
##... #.. ......
.#. ..#..#. . ...
###5#


You could see an iron imp, a caustic shrike zombie and a spriggan defender
skeleton.

Vanquished Creatures
  A boulder beetle (D:11)
  Erica (D:11)
  3 two-headed ogres
  3 death yaks (D:11)
  2 thrashing horrors (Abyss:2)
  An orc knight (D:7)
  A cyclops (D:7)
  A manticore (D:7)
  A gargoyle (D:11)
  3 kobold demonologists
  An unseen horror (Abyss:2)
  An efreet (Abyss:2)
  3 trolls
  A hornet (D:10)
  A slime creature (D:7)
  2 shadows (D:10)
  Sigmund (D:8)
  A yak (D:7)
  A ynoxinul (Abyss:2)
  3 wyverns
  Eustachio (D:6)
  A wraith (D:10)
  A steam dragon (D:8)
  A neqoxec (Abyss:2)
  2 vampire mosquitoes (D:11)
  2 water moccasins
  5 orc warriors
  2 sky beasts (D:5)
  A black bear (D:6)
  3 ogres
  2 necrophages
  7 centaurs
  4 kobold brigands
  A bullfrog (D:6)
  2 gnoll sergeants
  5 scorpions
  A water moccasin skeleton (D:6)
  16 wights
  7 killer bees (D:9)
  2 howler monkeys
  3 jellies
  A bullfrog skeleton (D:5)
  3 orc priests (D:7)
  4 centaur zombies
  2 centaur skeletons
  4 hounds
  Natasha (twice) (D:3)
  7 iguanas
  8 orc wizards
  4 hell rats (D:11)
  3 hound skeletons
  Robin (D:4)
  2 adders (D:3)
  13 gnolls
  2 shadow imps (D:6)
  3 white imps
  An ufetubus (Abyss:2)
  An adder skeleton (D:4)
  A worm (D:2)
  24 orcs
  4 bats
  4 endoplasms
  2 giant cockroaches
  16 goblins
  10 hobgoblins
  3 jackals (D:3)
  2 quokkas (D:11)
  4 ball pythons
  2 frilled lizards
  9 kobolds
  5 rats
248 creatures vanquished.

Notes
Turn   | Place    | Note
-------+----------+-------------------------------------------
     0 | D:1      | Dillybarz the Minotaur Berserker began the quest for the
                  | Orb.
     0 | D:1      | Reached XP level 1. HP: 19/19 MP: 0/0
   643 | D:1      | Reached XP level 2. HP: 27/27 MP: 1/1
  1187 | D:2      | Reached XP level 3. HP: 25/34 MP: 2/2
  1203 | D:2      | Reached XP level 4. HP: 32/41 MP: 3/3
  1205 | D:2      | Reached ** piety under Trog
  1891 | D:3      | Reached XP level 5. HP: 32/47 MP: 4/4
  2042 | D:3      | Noticed Natasha
  2053 | D:3      | Killed Natasha
  2054 | D:3      | Reached skill level 5 in Fighting
  2054 | D:3      | Reached skill level 5 in Maces & Flails
  2194 | D:3      | Noticed Natasha
  2199 | D:3      | Killed Natasha
  2440 | D:4      | Upgraded the game from 0.28.0-45-g0d030f2227 to
                  | 0.28.0-47-ge53b351184
  2493 | D:4      | Found a snail-covered altar of Cheibriados.
  2534 | D:4      | Noticed Robin
  2540 | D:4      | Reached XP level 6. HP: 55/56 MP: 5/5
  2551 | D:4      | Killed Robin
  2692 | D:4      | Reached skill level 5 in Armour
  2843 | D:4      | Found a broken altar of Ashenzari.
  3243 | D:5      | Entered Level 5 of the Dungeon
  3281 | D:5      | Reached XP level 7. HP: 27/64 MP: 6/6
  3892 | D:5      | Noticed a kobold demonologist
  3904 | D:5      | Killed a kobold demonologist
  3904 | D:5      | Reached *** piety under Trog
  3905 | D:5      | Reached XP level 8. HP: 66/73 MP: 7/7
  4841 | D:6      | Reached XP level 9. HP: 83/83 MP: 8/8
  4865 | D:6      | Found a staircase to the Ecumenical Temple.
  4870 | D:6      | Noticed Eustachio
  4901 | D:6      | Killed Eustachio
  5038 | D:6      | Found a transporter.
  5046 | D:6      | Found the +7 staff of the Meek {protect, meekguard}
  5185 | D:6      | Noticed a kobold demonologist
  5225 | D:6      | Found a transporter.
  5284 | D:6      | Identified the +10 dagger "Uruiqeno" {vorpal, rElec Will+
                  | Str+2}
  5546 | D:7      | Reached **** piety under Trog
  5890 | D:7      | Noticed a cyclops
  5898 | D:7      | Reached skill level 10 in Fighting
  5898 | D:7      | Reached skill level 10 in Maces & Flails
  5898 | D:7      | Noticed a manticore
  5901 | D:7      | Killed a cyclops
  5902 | D:7      | Reached skill level 10 in Armour
  5904 | D:7      | Noticed a troll
  5905 | D:7      | Killed a manticore
  6242 | D:7      | Reached XP level 10. HP: 65/94 MP: 9/9
  7208 | D:7      | Noticed an orc knight
  7218 | D:7      | Killed an orc knight
  7747 | D:7      | Found the +2 Maxwell's thermic engine {flame, freeze}
  7749 | D:7      | Identified the amulet of Vanus {Reflect Str+4 Slay+4 SH+5}
  7749 | D:7      | Identified the +0 buckler "Putoj" {rElec Stlth+}
  8140 | D:8      | Reached skill level 1 in Long Blades
  8140 | D:8      | Reached skill level 1 in Shields
  8677 | D:8      | Noticed Sigmund
  8702 | D:8      | Killed Sigmund
  9171 | D:9      | Found a shimmering altar of Xom.
  9171 | D:9      | Found a shimmering blue altar of Sif Muna.
  9176 | D:9      | Found an ornate altar of the Wu Jian Council.
  9176 | D:9      | Found a stormy altar of Qazlal.
  9347 | D:9      | Noticed an orange demon
  9353 | D:9      | Reached XP level 11. HP: 104/104 MP: 10/10
  9578 | D:9      | Noticed a two-headed ogre
  9582 | D:9      | Killed a two-headed ogre
  9731 | D:9      | Noticed a two-headed ogre
  9741 | D:9      | Killed a two-headed ogre
 10084 | D:10     | Entered Level 10 of the Dungeon
 10214 | D:10     | Noticed a two-headed ogre
 10220 | D:10     | Killed a two-headed ogre
 10534 | D:10     | Reached ***** piety under Trog
 10535 | D:10     | Reached skill level 5 in Long Blades
 10535 | D:10     | Reached skill level 5 in Shields
 11280 | D:11     | Found a one-way gate to the infinite horrors of the Abyss.
 11280 | D:11     | Noticed Jingleheimer's ghost (journeyman DjCj)
 11298 | D:11     | Found a transporter.
 11349 | D:11     | Noticed a death yak
 11361 | D:11     | Killed a death yak
 11396 | D:11     | Found a staircase to the Lair.
 11398 | D:11     | Noticed a death yak
 11398 | D:11     | Noticed a death yak
 11402 | D:11     | Noticed a boulder beetle
 11406 | D:11     | Noticed Erica
 11412 | D:11     | Killed a death yak
 11415 | D:11     | Killed a death yak
 11422 | D:11     | Killed Erica
 11427 | D:11     | Killed a boulder beetle
 11494 | D:11     | Reached XP level 12. HP: 115/115 MP: 11/11
 11516 | D:11     | Noticed Sonja
 11518 | D:11     | Found a transporter.
 11519 | D:11     | Cast into level 2 of the Abyss (Sonja)
 11570 | Abyss:2  | Gained mutation: You sometimes lose the ability to read
                  | scrolls when taking damage. [a neqoxec]
 11647 | Abyss:2  | HP: 1/115 [caustic shrike zombie (19)]
 11647 | Abyss:2  | Mangled by a spriggan defender skeleton

Illustrated notes

Levels and vault maps discovered:
D:1:      dpeg_arrival_shelter, layout_basic, minmay_misc_feat_iff,
          chequers_garden, minmay_curled_crystal, minmay_stone_trees_small
D:2:      layout_loops_ring
D:3:      layout_rooms, grunt_decor_fettered, kennysheep_generic_room_10,
          uniq_natasha
D:4:      layout_loops_ring, lemuel_tele_altar,
          mainiacjoe_overflow_concentric_impassable, uniq_robin
D:5:      layout_basic, chequers_serial_rivers_small_3, grunt_ministairs_8,
          nrook_mini_vaults
D:6:      gammafunk_wand_slinger, layout_cave_pools,
          minmay_temple_entry_large_hall, uniq_eustachio
D:7:      layout_basic, minmay_the_grid_2x2 [minmay_the_grid_doors,
          minmay_the_grid_armoury, minmay_the_grid_gridbox,
          minmay_the_grid_prize_shrinking_boxes]
D:8:      layout_rooms, sigmund_army
D:9:      layout_roguey, chequers_temple_overflow_statue_of_worship
D:10:     layout_stronghold
D:11:     layout_basic, dpeg_lair_monsters, serial_shops, kennysheep_mini_moat,
          gammafunk_ghost_abyssal_escape, minivault_24, uniq_erica, uniq_sonja
Abyss:2:  base: D:3, minivault_1

Skill      XL: |  1  2  3  4  5  6  7  8  9 10 11 |
---------------+----------------------------------+-----
Fighting       | 4 5 6 7 9 10 12 13 | 13.4
Maces & Flails | 4 5 6 7 8 10 11 | 11.5
Armour         | 3 4 5 6 8 10 11 13 | 13.0
Long Blades    | 3 6 |  6.8
Shields        | 3 6 |  6.8
Dodging        | |  2.4

Action                   |  1- 3 |  4- 6 |  7- 9 | 10-12 || total
-------------------------+-------+-------+-------+-------++-------
Melee: Mace              |    65 |    75 |       |       ||   140
       Headbutt          |     4 |    14 |    28 |    59 ||   105
       Punch             |       |     1 |     2 |       ||     3
       Morningstar       |       |    25 |   166 |    80 ||   271
       Double sword      |       |       |       |   199 ||   199
Invok: Berserk           |       |     1 |     2 |     4 ||     7
       Trog's Hand       |       |       |       |     1 ||     1
  Use: Scroll            |       |     8 |     3 |     8 ||    19
       Potion            |       |       |     1 |       ||     1
 Stab: Sleeping          |     2 |       |       |       ||     2
Armor: Ring mail         |    35 |    54 |    57 |       ||   146
       Animal skin       |     1 |       |       |       ||     1
       Plate armour      |       |       |    22 |   176 ||   198
       Chain mail        |       |       |     9 |       ||     9
Dodge: Dodged            |    34 |    72 |    93 |    96 ||   295
Block: Buckler           |       |       |       |    61 ||    61
       Reflection        |       |       |       |     8 ||     8
       Kite shield       |       |       |       |    96 ||    96
